 Dungeon Crawl Stone Soup version 0.21.1-1-g345015fe64 (webtiles) character file.

9331 Loge the Cleaver (level 11, 0/99 HPs)
             Began as a Minotaur Berserker on July 13, 2018.
             Was a High Priest of Trog.
             Slain by an unseen horror (3 damage)
             ... on level 10 of the Dungeon.
             The game lasted 00:25:26 (10285 turns).

Loge the Cleaver (Minotaur Berserker)              Turns: 10285, Time: 00:25:27

Health: 0/99       AC: 16    Str: 25    XL:     11   Next: 21%
Magic:  10/10      EV: 10    Int:  7    God:    Trog [*****.]
Gold:   506        SH:  5    Dex: 12    Spells: 10/10 levels left

rFire    + . .     SeeInvis .   x - +0 war axe
rCold    . . .     Gourm    .   F - +0 buckler
rNeg     . . .     Faith    +   p - +0 plate armour
rPois    .         Spirit   .   e - +1 hat {Int+3}
rElec    .         Reflect  .   (no cloak)
rCorr    .         Harm     .   r - +0 pair of gloves
MR       .....                  (no boots)
Stlth    ..........             B - amulet of faith
HPRegen  0.26/turn              d - ring of protection from fire
MPRegen  0.12/turn              b - ring of stealth

@: no status effects
A: retaliatory headbutt, horns 2, agile 1, blink, blurry vision 1
a: Blink, Berserk, Trog's Hand, Brothers in Arms, Burn Spellbooks, Renounce
Religion


You were on level 10 of the Dungeon.
You worshipped Trog.
Trog was extremely pleased with you.
You were not hungry.

You visited 1 branch of the dungeon, and saw 10 of its levels.
You also visited: Bailey.

You collected 506 gold pieces.

Inventory:

Hand Weapons
 t - a +0 blowgun
 x - a +0 war axe (weapon)
Missiles
 u - 105 poisoned needles
 w - 8 curare-tipped needles
 E - 14 tomahawks
 N - 55 stones (quivered)
 O - 10 sling bullets
 S - 2 needles of sleeping
Armour
 e - a +1 hat of intelligence (worn)
 p - a +0 plate armour (worn)
 r - a +0 pair of gloves (worn)
 F - a +0 buckler (worn)
Jewellery
 b - a ring of stealth (right hand)
 d - a ring of protection from fire (left hand)
 h - a +5 amulet of reflection
 y - a +3 ring of protection {unknown}
 B - an amulet of faith (around neck)
 C - an uncursed amulet of magic regeneration {unknown}
 I - a cursed amulet of inaccuracy {unknown}
 U - an uncursed amulet of guardian spirit {unknown}
Wands
 a - a wand of polymorph (4)
 i - a wand of flame (25)
 G - a wand of disintegration (11)
 K - a wand of enslavement (28)
 L - a wand of acid (5)
Scrolls
 f - 3 scrolls of remove curse
 j - 2 scrolls of immolation {unknown}
 k - 3 scrolls of identify
 l - 2 scrolls of amnesia {unknown}
 o - 4 scrolls of magic mapping
 q - 3 scrolls of teleportation
 s - a scroll of fog
 v - 2 scrolls of fear {unknown}
 A - 2 scrolls of blinking {unknown}
 R - a scroll of noise {unknown}
Potions
 g - 2 potions of mutation
 m - 2 potions of invisibility
 n - 2 potions of ambrosia
 z - 2 potions of curing
 D - a potion of brilliance
 H - 2 potions of haste
 M - a potion of cancellation {unknown}
Books
 J - a book of Death

   Spells                             Type                      Level
   a - Corpse Rot                     Necromancy                   2
   b - Sublimation of Blood           Necromancy                   2
   c - Agony                          Necromancy                   5
   d - Dispel Undead                  Necromancy                   5
   e - Excruciating Wounds            Charms/Necromancy            5
   f - Bolt of Draining               Conjuration/Necromancy       5
   Trog disapproves of the use of such an item.
 P - a book of Frost

   Spells                             Type                      Level
   a - Freeze                         Ice                          1
   b - Throw Frost                    Conjuration/Ice              2
   c - Ozocubu's Armour               Charms/Ice                   3
   d - Throw Icicle                   Conjuration/Ice              4
   e - Summon Ice Beast               Ice/Summoning                4
   Trog disapproves of the use of such an item.
 Q - a book of Spatial Translocations

   Spells                             Type                      Level
   a - Blink                          Translocation                2
   b - Shroud of Golubria             Charms/Translocation         2
   c - Lesser Beckoning               Translocation                3
   d - Gell's Gravitas                Translocation                3
   e - Teleport Other                 Translocation                3
   f - Passage of Golubria            Translocation                4
   Trog disapproves of the use of such an item.
Comestibles
 c - 24 rations
 T - 18 chunks of flesh


   Skills:
 + Level 10.1 Fighting
 * Level 13.3 Axes
 + Level 9.7 Armour
 + Level 6.3 Dodging
 - Level 6.6 Shields


You had 10 spell levels left.
You didn't know any spells.

Dungeon Overview and Level Annotations

Branches:
Dungeon (10/15)            Temple (0/1) D:5             Orc (0/2) D:10
   Lair: D:8-11

Altars:
Ashenzari
Elyvilon
Fedhas
Gozag
Makhleb
Okawaru
Ru
Trog
Uskayaw
Vehumet
Zin
The Shining One

Shops:
D:5 :   D:8 ?   D:10 =

Annotations:
D:7 exclusion: downstairs


Innate Abilities, Weirdness & Mutations

You reflexively headbutt those who attack you in melee.
You have a pair of horns on your head.
You are agile. (Dex +2)
You can translocate small distances at will.
Scrolls take you a little longer to read.


Message History

The centaur shoots an arrow.
The arrow hits you. You block something's attack.
The centaur shoots an arrow.
The arrow hits you but does no damage.
You see here an arrow.
You closely miss something. Something hits you.
The centaur shoots an arrow.
The arrow hits you!
* * * LOW HITPOINT WARNING * * *
The centaur shoots an arrow.
The arrow hits you!
* * * LOW HITPOINT WARNING * * *
Something hits you.
* * * LOW HITPOINT WARNING * * *
There is an open door here.
Really read with blurry vision while enemies are nearby? [Y]es or [N]o only, please.
Really read with blurry vision while enemies are nearby?
The centaur shoots an arrow.
The arrow hits you.
* * * LOW HITPOINT WARNING * * *
You begin reading the scroll.
You continue reading the scroll.
Something hits you.
You die...

###.......###÷......#..##..##'###
))≈≈≈≈≈≈≈≈≈≈≈≈......#####........
)########'#....####.....#........
.# ..#....#..#.....#........ .#
.'....#..#.....#........ .#
#....#..#.....#..##.###
###########....##.#.....#####.###
#.............(#'##....#......#.
+..............@(.#....#......#.
#..............#.((....#.....##.
#..............#..#()(.#.....##.
##..............####....########.
...)).#'###'######.....c.(.....#.
..(...#.....'....#.............##
......#.....#....#...............
)...........#....#..........(....
............######...............


You could see a centaur.

Vanquished Creatures
  Gastronok (D:8)
  2 two-headed ogres
  Pikel (D:8)
  Joseph (D:7)
  A troll (D:10)
  Prince Ribbit (D:8)
  A wraith (D:7)
  Menkaure (D:7)
  A warg (D:10)
  Duvessa (D:7)
  A sky beast (D:10)
  An ice beast (D:10)
  A black bear (D:10)
  A phantom (D:6)
  2 necrophages (D:8)
  An eye of draining (D:9)
  7 centaurs
  8 ogres
  A crocodile (D:7)
  2 big kobolds
  8 gnoll sergeants (Bailey)
  Dowan (D:7)
  A water moccasin zombie (D:8)
  A wight (D:8)
  A killer bee (D:10)
  2 howler monkeys (D:6)
  A crimson imp (D:8)
  6 hounds
  5 jellies
  3 orc priests
  2 centaur zombies
  6 gnoll shamans (Bailey)
  6 orc wizards
  A centaur skeleton (D:9)
  A bullfrog skeleton (D:10)
  4 iguanas
  3 worker ants
  A mummy (D:8)
  A howler monkey zombie (D:5)
  A worker ant zombie (D:8)
  21 gnolls
  9 adders
  2 shadow imps
  8 oozes
  3 adder zombies
  3 adder skeletons
  3 dart slugs (D:3)
  3 worms
  4 leopard geckos
  39 orcs
  A ball python (D:4)
  8 bats
  10 giant cockroaches
  10 goblins
  6 hobgoblins
  13 jackals
  6 quokkas
  7 frilled lizards
  A jackal zombie (D:8)
  35 kobolds
  11 rats
294 creatures vanquished.

Vanquished Creatures (others)
  An ogre (D:8)
  A jelly (D:8)
  A fungus (D:4)
  8 toadstools (D:4)
11 creatures vanquished.

Grand Total: 305 creatures vanquished

Notes
Turn   | Place    | Note
-------+----------+-------------------------------------------
     0 | D:1      | Loge the Minotaur Berserker began the quest for the Orb.
     0 | D:1      | Reached XP level 1. HP: 19/19 MP: 0/0
   185 | D:1      | Reached skill level 4 in Axes
   185 | D:1      | Reached XP level 2. HP: 16/27 MP: 1/1
   508 | D:1      | Reached ** piety under Trog
   560 | D:1      | Reached XP level 3. HP: 28/33 MP: 2/2
   633 | D:1      | Found an iron altar of Okawaru.
   967 | D:2      | Found an opulent altar of Gozag.
  1019 | D:2      | Reached XP level 4. HP: 40/40 MP: 3/3
  1094 | D:2      | Found an iron altar of Okawaru.
  1203 | D:2      | Found a sacrificial altar of Ru.
  1312 | D:3      | Reached skill level 5 in Axes
  1362 | D:3      | Reached *** piety under Trog
  1408 | D:3      | Reached XP level 5. HP: 47/47 MP: 4/4
  1449 | D:3      | Gained mutation: You are agile. (Dex +2) [potion of mutation]
  1449 | D:3      | Gained mutation: Scrolls take you a little longer to read. [potion of mutation]
  1449 | D:3      | Gained mutation: You can translocate small distances at will. [potion of mutation]
  1884 | D:3      | Found a burning altar of Makhleb.
  1885 | D:3      | Noticed a blizzard demon
  2012 | D:4      | Found a radiant altar of Vehumet.
  2244 | D:4      | Found a glowing silver altar of Zin.
  2249 | D:4      | Found a shattered altar of Ashenzari.
  2260 | D:4      | Found a sacrificial altar of Ru.
  2309 | D:4      | Reached XP level 6. HP: 44/55 MP: 5/5
  2363 | D:4      | Reached skill level 5 in Fighting
  2363 | D:4      | Reached skill level 6 in Axes
  2703 | D:4      | Reached **** piety under Trog
  2865 | D:4      | Found a white marble altar of Elyvilon.
  3086 | D:5      | Entered Level 5 of the Dungeon
  3252 | D:5      | Reached XP level 7. HP: 52/61 MP: 6/6
  3302 | D:5      | Reached skill level 7 in Axes
  3350 | D:5      | Found a bloodstained altar of Trog.
  3398 | D:5      | Found a staircase to the Ecumenical Temple.
  3446 | D:5      | Reached skill level 5 in Armour
  3549 | D:5      | Found a glowing golden altar of the Shining One.
  3580 | D:5      | Found Jial's Book Boutique.
  4007 | D:6      | Reached skill level 8 in Axes
  4007 | D:6      | Reached skill level 1 in Shields
  4007 | D:6      | Reached XP level 8. HP: 70/70 MP: 7/7
  4754 | D:7      | Noticed Menkaure
  4759 | D:7      | Killed Menkaure
  4759 | D:7      | Reached skill level 9 in Axes
  4995 | D:7      | Found a hide-covered altar of Uskayaw.
  5219 | D:7      | Noticed Joseph
  5237 | D:7      | Killed Joseph
  5237 | D:7      | Reached XP level 9. HP: 49/79 MP: 8/8
  5368 | D:7      | Noticed Duvessa
  5368 | D:7      | Noticed Dowan
  5378 | D:7      | Killed Duvessa
  5378 | D:7      | Reached skill level 10 in Axes
  5384 | D:7      | Killed Dowan
  5937 | D:8      | Noticed Gastronok
  6191 | D:8      | Reached skill level 5 in Shields
  6208 | D:8      | Found a blossoming altar of Fedhas.
  6313 | D:8      | Noticed a two-headed ogre
  6350 | D:8      | Killed a two-headed ogre
  6350 | D:8      | Reached skill level 11 in Axes
  6443 | D:8      | Reached ***** piety under Trog
  6481 | D:8      | Noticed Prince Ribbit
  6962 | D:8      | Killed Gastronok
  6962 | D:8      | Reached skill level 12 in Axes
  6962 | D:8      | Reached XP level 10. HP: 33/91 MP: 9/9
  7621 | D:8      | Found Fumeod's Magic Scroll Emporium.
  7635 | D:8      | Noticed Pikel
  7644 | D:8      | Killed Pikel
  7644 | D:8      | Reached skill level 5 in Dodging
  7895 | D:8      | Killed Prince Ribbit
  8262 | D:9      | Noticed a two-headed ogre
  8272 | D:9      | Killed a two-headed ogre
  8694 | D:10     | Entered Level 10 of the Dungeon
  8806 | D:10     | Found a flagged portal.
  8816 | Bailey   | Entered a bailey
  9302 | Bailey   | Reached XP level 11. HP: 71/99 MP: 10/10
  9322 | Bailey   | Reached skill level 13 in Axes
  9860 | D:10     | Found Xetaill's Jewellery Shop.
  9871 | D:10     | Reached skill level 10 in Fighting
 10113 | D:10     | Found a staircase to the Orcish Mines.
 10284 | D:10     | HP: 3/99 [centaur/arrow (6)]
 10285 | D:10     | Slain by an unseen horror

Skill      XL: |  1  2  3  4  5  6  7  8  9 10 11 |
---------------+----------------------------------+-----
Axes           | 4 5 6 8 9 12 13 | 13.3
Fighting       | 4 5 6 7 9 10 | 10.1
Armour         | 3 4 5 6 8 9 |  9.7
Dodging        | 3 4 5 6 |  6.3
Shields        | 1 4 6 |  6.6

Action                   |  1- 3 |  4- 6 |  7- 9 | 10-12 || total
-------------------------+-------+-------+-------+-------++-------
Melee: Hand axe          |    93 |   108 |       |       ||   201
       Headbutt          |    13 |    43 |    53 |    51 ||   160
       War axe           |       |    74 |   254 |   247 ||   575
       Unarmed           |       |       |     5 |       ||     5
Invok: Berserk           |       |     1 |     3 |     4 ||     8
       Burn Spellbooks   |       |       |     1 |     1 ||     2
  Use: Potion            |       |     4 |       |       ||     4
       Scroll            |       |       |     9 |       ||     9
 Stab: Sleeping          |     1 |       |       |       ||     1
  Eat: Chunk             |       |     5 |    15 |    14 ||    34
       Ration            |       |     1 |       |       ||     1
Armor: Animal skin       |     3 |       |       |       ||     3
       Ring mail         |     7 |       |       |       ||     7
       Plate armour      |    22 |   131 |    93 |   135 ||   381
       Skin              |       |       |     1 |       ||     1
Dodge: Dodged            |    55 |    59 |    84 |   136 ||   334
Block: Other             |       |    22 |     6 |       ||    28
       Buckler           |       |       |    48 |    65 ||   113
       Reflection        |       |       |     4 |       ||     4
